 Dungeon Crawl Stone Soup version 0.31.0-9-g3a7656b989 (webtiles) character file.

Game seed: 15408625929053884466

179 qw the Skirmisher (level 5, 0/29 HPs)
             Began as a Deep Elf Hunter on Feb 2, 2024.
             Slain by a jackal (2 damage)
             ... on level 3 of the Dungeon.
             The game lasted 00:00:09 (2598 turns).

qw the Skirmisher (Deep Elf Hunter)                 Turns: 2598, Time: 00:00:10

Health: 0/29       AC:  7    Str: 10    XL:     5   Next: 32%
Magic:  7/7        EV: 11    Int: 14    God:
Gold:   65         SH:  0    Dex: 18    Spells: 4/4 levels left

rFire   . . .        a - +0 shortbow
rCold   . . .        (shield currently unavailable)
rNeg    . . .        i - +0 ring mail
rPois   .            (no helmet)
rElec   .            n - +0 cloak
rCorr   .            g - +0 pair of gloves
SInv    +            (no boots)
Will    .....        (no amulet)
Stlth   +            m - ring of see invisible
HPRegen 0.24/turn    (no ring)
MPRegen 0.10/turn

%: no passive effects
@: hasted, very quick
A: no striking features
a: no special abilities


You were on level 3 of the Dungeon.
You visited 1 branch of the dungeon, and saw 4 of its levels.

You collected 65 gold pieces.


   Skills:
 - Level 1.5 Fighting
 + Level 8.8 Ranged Weapons
 - Level 2.4 Dodging
 - Level 1.2 Stealth


You had 4 spell levels left.
You didn't know any spells.
Your spell library was empty.

Inventory:

Hand Weapons
 a - a +0 shortbow (weapon)
Armour
 g - a +0 pair of gloves (worn)
 i - a +0 ring mail (worn)
 n - a +0 cloak (worn)
Jewellery
 m - a ring of see invisible (left hand)
Potions
 b - 2 potions of haste
 c - a potion of might
 d - a potion of heal wounds {unknown}
 e - a potion of curing
 h - a potion of resistance {unknown}

Dungeon Overview and Level Annotations

Branches:
Dungeon (4/15)
 Temple: D:4-7

Altars:
Gozag
Kikubaaqudgha
Nemelex Xobeh

Shops:
D:1 [


Message History

The jackal bites you but does no damage.
You shoot an arrow. The arrow closely misses the jackal.
The jackal barely misses you.
You shoot an arrow. The arrow hits the jackal.
You kill the jackal!
You climb downwards.
The hobgoblin shouts!
The jackal bites you but does no damage.
The jackal completely misses you. The ogre barely misses you.
There is a stone staircase leading up here.
2591 ||| STAIRDANCE The jackal bites you but does no damage.
The jackal bites you.
You climb upwards.
There is a stone staircase leading down here.
You shoot an arrow. The arrow barely misses the ogre.
The jackal completely misses you.
The jackal bites you but does no damage.
The ogre barely misses you.
You shoot an arrow. The arrow hits the ogre.
The ogre is lightly wounded.
The jackal barely misses you.
The jackal bites you but does no damage. x2
You shoot an arrow. The arrow hits the ogre.
The ogre is moderately wounded.
The jackal barely misses you.
The ogre hits you with a +0 giant club!!
Ouch! That really hurt!
The jackal bites you but does no damage.
You shoot an arrow. The arrow barely misses the ogre.
The jackal misses you. The jackal bites you.
You shoot an arrow.
The arrow hits the ogre but does no damage.
The ogre is moderately wounded.
The jackal completely misses you. The ogre barely misses you.
You shoot an arrow. The arrow hits the ogre!
The ogre is heavily wounded.
The jackal bites you but does no damage. x2
The jackal bites you.
You die...

##########.......# #.#
#.......##.##.##.# #.#
#..........##..#.# ##.#
#.........%###.#.# ###..#
#..........###.#.#####...##
#..........#.....##....###
#####................###
#........%.h.....# ####
#......)..@......# #...
#........O.h.....# #.##
#................# #.#
#................# #.#
########.######### #.#
#........# #(#
#........#########.#
#..................#
#......#############


You could see an ogre and 2 jackals.

Vanquished Creatures
  Jessica (D:2)
  A gnoll (D:1)
  6 adders
  3 dart slugs
  2 ribbon worms (D:2)
  5 orcs (D:2)
  4 endoplasms
  2 giant cockroaches
  5 goblins
  8 hobgoblins
  A jackal (D:3)
  5 kobolds
  3 quokkas
  5 ball pythons
  13 bats
  7 frilled lizards
  5 rats
76 creatures vanquished.

Notes
Turn   | Place    | Note
-------+----------+-------------------------------------------
     0 | D:1      | qw the Deep Elf Hunter began the quest for the Orb.
     0 | D:1      | Reached XP level 1. HP: 12/12 MP: 3/3
     0 | D:1      | 0 ||| qw: Version: 0.3-a-155-g5e7d8dd
     0 | D:1      | 0 ||| qw: Game counter: 2819
     0 | D:1      | 0 ||| qw: Melee chars always use a shield: true
     0 | D:1      | 0 ||| qw: God list: Okawaru
     0 | D:1      | 0 ||| qw: Allow faded altars: false
     0 | D:1      | 0 ||| qw: Do Orc after clearing Dungeon:15 true
     0 | D:1      | 0 ||| qw: Do second Lair branch before Depths: true
     0 | D:1      | 0 ||| qw: Lair rune preference: random
     0 | D:1      | 0 ||| qw: Goals: Normal
     0 | D:1      | 0 ||| PLANNING D:1-11
   162 | D:1      | Found Hure's Antique Armour Boutique.
   164 | D:1      | Reached XP level 2. HP: 16/16 MP: 4/4
   166 | D:1      | Reached skill level 6 in Ranged Weapons
   171 | D:1      | 171 ||| SHOPLISTING helmet (121 gold, have 0).
   171 | D:1      | 171 ||| SHOPLISTING pair of embroidered gloves (202 gold,
                  | have 0).
   650 | D:1      | 650 ||| UPGRADING to +0 scale mail.
   660 | D:1      | 660 ||| DROPPING +0 leather armour.
   661 | D:1      | 661 ||| READING 2 scrolls labelled PYCHEC HANE.
   661 | D:1      | 661 ||| IDENTIFYING scroll labelled UGUDOS EFET
   662 | D:1      | 662 ||| DROPPING scroll of butterflies.
   663 | D:1      | 663 ||| DROPPING scroll of revelation.
   731 | D:2      | Reached XP level 3. HP: 20/20 MP: 5/5
   733 | D:2      | Noticed Jessica
   739 | D:2      | Killed Jessica
   740 | D:2      | Reached skill level 7 in Ranged Weapons
   811 | D:2      | Reached XP level 4. HP: 20/25 MP: 6/6
  1117 | D:2      | Reached skill level 8 in Ranged Weapons
  1117 | D:2      | 1117 ||| FLEEEEING.
  1118 | D:2      | 1118 ||| FLEEEEING.
  1119 | D:2      | 1119 ||| FLEEEEING.
  1120 | D:2      | 1120 ||| FLEEEEING.
  1121 | D:2      | 1121 ||| FLEEEEING.
  1539 | D:2      | 1539 ||| READING scroll of identify.
  1539 | D:2      | 1539 ||| IDENTIFYING 2 green potions
  1540 | D:2      | 1540 ||| READING scroll labelled KAIRGH DUENO.
  1641 | D:2      | 1641 ||| READING scroll labelled QICISI MAWKURGH.
  1642 | D:2      | 1642 ||| DRINKING 2 smoky puce potions.
  1722 | D:3      | Identified the +5 hand axe "Apooryre" {heavy, rElec rPois
                  | Int+5}
  1758 | D:3      | Reached XP level 5. HP: 29/29 MP: 7/7
  2023 | D:3      | HP: 7/29 [hobgoblin (2)]
  2178 | D:3      | Identified the +2 robe "Qaymogot" {Int+3}
  2213 | D:3      | Identified the +4 dagger "Comoang" {flame, rN+ Str+6}
  2221 | D:3      | Found a sparkling altar of Nemelex Xobeh.
  2221 | D:3      | Found an opulent altar of Gozag.
  2404 | D:3      | Found an ancient bone altar of Kikubaaqudgha.
  2488 | D:3      | 2488 ||| UPGRADING to +0 pair of gloves.
  2493 | D:3      | 2493 ||| UPGRADING to +0 ring mail.
  2503 | D:3      | 2503 ||| DROPPING +0 scale mail.
  2504 | D:3      | 2504 ||| DROPPING +2 robe "Qaymogot" {Int+3}.
  2505 | D:3      | 2505 ||| UPGRADING to +0 cloak.
  2510 | D:3      | 2510 ||| DROPPING ring of wizardry.
  2511 | D:3      | 2511 ||| UPGRADING to ring of see invisible.
  2512 | D:3      | 2512 ||| READING scroll labelled UFUSKU RAPN.
  2515 | D:3      | 2515 ||| DRINKING 2 bubbling coppery potions.
  2579 | D:4      | Noticed an ogre
  2580 | D:4      | 2580 ||| DRINKING 3 potions of haste.
  2581 | D:4      | 2581 ||| STAIRDANCE
  2591 | D:4      | 2591 ||| STAIRDANCE
  2595 | D:3      | HP: 2/29 [ogre/+0 giant club (25)]
  2598 | D:3      | Slain by a jackal

Levels and vault maps discovered:
D:1:      psy_arrival_fountain, layout_loops_ring, serial_shops, shop
D:2:      minmay_recursive_quarters, layout_basic, minmay_indecisive_spiral,
          uniq_jessica
D:3:      layout_basic, lemuel_doored_altar, grunt_temple_overflow_opulence,
          minmay_shallow_snake_nest
D:4:      layout_basic, serial_shops, nicolae_inconvenience_store

Skill      XL: |  1  2  3  4 |
---------------+-------------+-----
Ranged Weapons | 6 7 8 |  8.8
Fighting       | |  1.5
Dodging        | |  2.4
Stealth        | |  1.2

Action                     |  1- 3 |  4- 6 || total
---------------------------+-------+-------++-------
   Fire: Shortbow          |    63 |   182 ||   245
    Use: Scroll            |     1 |     4 ||     5
         Potion            |       |     3 ||     3
 Armour: Leather armour    |     3 |       ||     3
         Scale mail        |     7 |    64 ||    71
         Ring mail         |       |    15 ||    15
  Dodge: Dodged            |    14 |    72 ||    86

Table legend:
 A = Non-vault XP
 B = Vault XP
 C = Vault XP percentage of total XP
 D = Non-vault monster count
 E = Vault monster count
 F = Vault count percentage of total count
                 A         B        C        D         E       F
            +---------+---------+-------+---------+---------+-------
      Total |     150 |     106 |  41.4 |      56 |      20 |  26.3
            +---------+---------+-------+---------+---------+-------
        D:1 |      38 |       0 |   0.0 |      15 |       0 |   0.0
        D:2 |      58 |      91 |  61.1 |      22 |      18 |  45.0
        D:3 |      54 |      15 |  21.7 |      19 |       2 |   9.5
            +---------+---------+-------+---------+---------+-------
